 Dungeon Crawl Stone Soup version 0.28-a0-1493-g08698888e4 (webtiles) character file.

Game seed: 10646315834860326038

82 iamoutofideas the Grasshopper (level 4, -2/38 HPs)
             Began as a Gnoll Warper on Jan 12, 2022.
             Slain by a scorpion (5 damage)
             ... on level 3 of the Dungeon.
             The game lasted 00:02:23 (2267 turns).

iamoutofideas the Grasshopper (Gnoll Warper)        Turns: 2267, Time: 00:02:24

Health: -2/38      AC:  7    Str: 10    XL:     4   Next: 43%
Magic:  11/11      EV:  9    Int: 15    God:
Gold:   1027       SH:  0    Dex: 11    Spells: 5/13 levels left

rFire   + . .      SeeInvis .   a - +0 hand axe
rCold   x . .      Faith    .   (no shield)
rNeg    . . .      Spirit   .   h - +1 scale mail of Watchfulness {rElec rF+ rC- Will+}
rPois   +          Reflect  .   (no helmet)
rElec   +          Harm     .   (no cloak)
rCorr   .          Rampage  .   (no gloves)
Will    +....                   (no boots)
Stlth   ..........              (no amulet)
HPRegen 0.12/turn               e - ring of poison resistance
MPRegen 0.12/turn               (no ring)

@: no status effects
A: fangs 1, strong nose, distributed training
a: no special abilities


You were on level 3 of the Dungeon.
You visited 1 branch of the dungeon, and saw 3 of its levels.

You collected 1027 gold pieces.

Inventory:

Hand Weapons
 a - a +0 hand axe (weapon)
Missiles
 d - 3 boomerangs of dispersal (quivered)
Armour
 b - a +0 leather armour
 h - the +1 scale mail of Watchfulness (worn) {rElec rF+ rC- Will+}
   (You found it on level 2 of the Dungeon)

   rF:        It protects you from fire.
   rC:        It makes you vulnerable to cold.
   rElec:     It insulates you from electricity.
   Will:      It increases your willpower.
Jewellery
 e - a ring of poison resistance (left hand)
Potions
 j - a potion of magic


   Skills:
 + Level 4.6 Fighting
 + Level 1.1 Short Blades
 + Level 1.1 Long Blades
 + Level 4.6 Axes
 + Level 1.1 Maces & Flails
 + Level 1.1 Polearms
 + Level 1.1 Staves
 + Level 1.1 Slings
 + Level 1.1 Bows
 + Level 1.1 Crossbows
 + Level 2.7 Throwing
 + Level 2.7 Armour
 + Level 4.6 Dodging
 + Level 1.1 Stealth
 + Level 1.1 Shields
 + Level 1.1 Unarmed Combat
 + Level 5.1 Spellcasting
 + Level 0.9 Conjurations
 + Level 0.9 Hexes
 + Level 0.9 Summonings
 + Level 0.9 Necromancy
 + Level 5.4 Translocations
 + Level 0.9 Transmutations
 + Level 0.9 Fire Magic
 + Level 0.9 Ice Magic
 + Level 0.9 Air Magic
 + Level 0.9 Earth Magic
 + Level 0.9 Poison Magic
 + Level 1.2 Invocations
 + Level 1.1 Evocations


You had 5 spell levels left.
You knew the following spells:

 Your Spells              Type           Power      Damage    Failure   Level
a - Blink                 Tloc           40%        N/A       16%         2
b - Vampiric Draining     Necr           6%         2d6       91%         3
c - Teleport Other        Tloc           20%        N/A       32%         3

Your spell library contained the following spells:

 Spells                   Type           Power      Damage    Failure   Level
 Gell's Gravitas          Tloc           20%        N/A       32%         3
 Lesser Beckoning         Tloc           20%        N/A       32%         3
 Animate Skeleton         Necr           12%        N/A       56%         1
 Pain                     Necr           24%        1d5       56%         1
 Manifold Assault         Tloc           20%        N/A       96%         5


Dungeon Overview and Level Annotations

Branches:
Dungeon (3/15)

Altars:

Portals:
Sewer: D:3


Innate Abilities, Weirdness & Mutations

You have very sharp teeth.
Your uncanny sense of smell can sniff out nearby items.
Your experience applies equally to all skills.


Message History

You throw a boomerang of dispersal.
The boomerang of dispersal closely misses the scorpion.
The scorpion stings you.
* * * LOW HITPOINT WARNING * * *
Blink to where?
Press: ? - help, Dir - move target, p - scorpion
As you read the scroll of blinking, it crumbles to dust.
A giant cockroach comes into view.
A quokka and a giant cockroach come into view.
Found a glowing drain.
Okay, then.
You aren't carrying any items that you can evoke.
Unknown command.
Cast which spell? (? or * to list)
Okay, then.
Cast which spell? (? or * to list)
You don't know that spell.
Unknown command.
Cast which spell? (? or * to list)
Okay, then.
Okay, then.
You aren't carrying any items that you can evoke.
Unknown command.
You aren't carrying any scrolls.
Unknown command.
You closely miss the giant cockroach.
You bite the giant cockroach, but do no damage.
The giant cockroach splashes around in the water.
You hit the giant cockroach.
You kill the giant cockroach!
You hit the giant cockroach but do no damage.
You hit the quokka but do no damage. You barely miss the giant cockroach.
The giant cockroach bites you but does no damage.
The quokka barely misses you.
The giant cockroach bites you but does no damage.
You closely miss the quokka. You barely miss the giant cockroach.
The quokka barely misses you.
The giant cockroach bites you but does no damage.
The scorpion stings you.
You die...

#.# #.# #####.#
#.# #.....# #.#
#.##### #s# #.#
#># ############
##.### ≈≈≈≈≈≈≈.##
#.... ≈≈∩≈≈≈B..#
#..# ∆
≈≈≈≈≈≈r@s####..##
########........#
#.#####...# #.
#...# .. #...#
... #....# ...
.....# #...
###..# ...


You could see a scorpion, a quokka and a giant cockroach.

Vanquished Creatures
  A hound (D:3)
  2 adders (D:2)
  2 worms (D:2)
  A dart slug (D:2)
  A ball python (D:2)
  A bat (D:2)
  3 endoplasms
  2 giant cockroaches
  4 goblins (D:2)
  A hobgoblin (D:3)
  5 quokkas
  2 frilled lizards
  A kobold (D:2)
  2 rats (D:2)
28 creatures vanquished.

Vanquished Creatures (others)
  3 plants (D:2)
3 creatures vanquished.

Grand Total: 31 creatures vanquished

Notes
Turn   | Place    | Note
-------+----------+-------------------------------------------
     0 | D:1      | iamoutofideas the Gnoll Warper began the quest for the Orb.
     0 | D:1      | Reached XP level 1. HP: 20/20 MP: 6/6
   167 | D:1      | Found a faded altar of an unknown god.
   523 | D:2      | Reached XP level 2. HP: 26/26 MP: 7/7
   788 | D:2      | Identified the +1 scale mail of Watchfulness {rElec rF+ rC-
                  | Will+}
  1140 | D:2      | Reached skill level 5 in Spellcasting
  1140 | D:2      | Reached XP level 3. HP: 28/31 MP: 7/9
  1632 | D:2      | Reached skill level 1 in Invocations
  1635 | D:2      | Learned a level 2 spell: Blink
  1639 | D:2      | Learned a level 3 spell: Vampiric Draining
  1643 | D:2      | Learned a level 3 spell: Teleport Other
  2024 | D:3      | Identified a scroll of acquirement
  2024 | D:3      | Acquired 970 gold pieces
  2047 | D:3      | Reached skill level 1 in Short Blades
  2047 | D:3      | Reached skill level 1 in Long Blades
  2047 | D:3      | Reached skill level 1 in Maces & Flails
  2047 | D:3      | Reached skill level 1 in Polearms
  2047 | D:3      | Reached skill level 1 in Staves
  2047 | D:3      | Reached skill level 1 in Slings
  2047 | D:3      | Reached skill level 1 in Bows
  2047 | D:3      | Reached skill level 1 in Crossbows
  2047 | D:3      | Reached skill level 1 in Stealth
  2047 | D:3      | Reached skill level 1 in Shields
  2047 | D:3      | Reached skill level 1 in Unarmed Combat
  2047 | D:3      | Reached skill level 1 in Evocations
  2047 | D:3      | Reached XP level 4. HP: 14/38 MP: 11/11
  2240 | D:3      | Noticed a scorpion
  2255 | D:3      | HP: 1/38 [scorpion (4)]
  2261 | D:3      | Found a glowing drain.
  2267 | D:3      | Slain by a scorpion

Illustrated notes

Levels and vault maps discovered:
D:1:      dpeg_arrival_windows_large_door, layout_rooms,
          chequers_ecumenical_altar_simple_redux, minivault_26
D:2:      layout_basic, serial_bayou_pond_a
D:3:      layout_loops_ring, grunt_qazlal_clouds, mainiacjoe_overflow_alcove_4,
          portal_sewer_entry_f, minmay_misc_feat_chi

Skill      XL: |  1  2  3 |
---------------+----------+-----
Spellcasting   | 5 |  5.1
Invocations    | 1 |  1.2
Short Blades   | 1 |  1.1
Long Blades    | 1 |  1.1
Maces & Flails | 1 |  1.1
Polearms       | 1 |  1.1
Staves         | 1 |  1.1
Slings         | 1 |  1.1
Bows           | 1 |  1.1
Crossbows      | 1 |  1.1
Stealth        | 1 |  1.1
Shields        | 1 |  1.1
Unarmed Combat | 1 |  1.1
Evocations     | 1 |  1.1
Fighting       | |  4.6
Axes           | |  4.6
Throwing       | |  2.7
Armour         | |  2.7
Dodging        | |  4.6
Conjurations   | |  0.9
Hexes          | |  0.9
Summonings     | |  0.9
Necromancy     | |  0.9
Translocations | |  5.4
Transmutations | |  0.9
Fire Magic     | |  0.9
Ice Magic      | |  0.9
Air Magic      | |  0.9
Earth Magic    | |  0.9
Poison Magic   | |  0.9

Action                   |  1- 3 |  4- 6 || total
-------------------------+-------+-------++-------
Melee: Hand axe          |    98 |    18 ||   116
       Bite              |    11 |     1 ||    12
       Punch             |     3 |     1 ||     4
Throw: Boomerang         |       |     2 ||     2
  Use: Scroll            |     4 |     1 ||     5
       Potion            |       |     1 ||     1
 Stab: Sleeping          |     1 |       ||     1
Armor: Leather armour    |     8 |       ||     8
       Scale mail        |    20 |     7 ||    27
Dodge: Dodged            |    45 |     9 ||    54

Table legend: (Time is in decaauts)
 A = Elapsed time spent in this place.
 B = Non-inter-level travel time spent in this place.
 C = Inter-level travel time spent in this place.
 D = Time resting spent in this place.
 E = Time spent auto-exploring this place.
 F = Levels seen in this place.
 G = Mean time per level.
                   A        B        C        D        E       F      G
               +--------+--------+--------+--------+--------+-----+--------+
         Total |   2275 |   2142 |    133 |    123 |   1695 |   3 |  758.3 |
       Dungeon |   2275 |   2142 |    133 |    123 |   1695 |   3 |  758.3 |
               +--------+--------+--------+--------+--------+-----+--------+

Top non-repeatable levels by time:
     D:2: 1527 daAuts
     D:1: 499 daAuts
     D:3: 248 daAuts
